 Dungeon Crawl Stone Soup version 0.24-a0-441-g27f0392e16 (webtiles) character file.

Game seed: 3124415753012780002

1206 Azzok the Blocker (level 8, -10/58 HPs)
             Began as a Formicid Fighter on June 20, 2019.
             Mangled by a yak (12 damage)
             ... on level 8 of the Dungeon.
             The game lasted 00:06:26 (5720 turns).

Azzok the Blocker (Formicid Fighter)                Turns: 5720, Time: 00:06:27

Health: -10/58     AC:  8    Str: 29    XL:     8   Next: 73%
Magic:  8/8        EV: 10    Int:  7    God:
Gold:   227        SH: 12    Dex: 10    Spells: 7/7 levels left

rFire    . . .     SeeInvis +   a - +0 war axe
rCold    . . .     Gourm    .   c - +0 shield
rNeg     . . .     Faith    .   b - +0 scale mail
rPois    .         Spirit   .   (helmet unavailable)
rElec    .         Reflect  .   (no cloak)
rCorr    .         Harm     .   A - +0 pair of gloves
MR       .....                  (no boots)
Stlth    ..........             (no amulet)
HPRegen  0.19/turn              (no ring)
MPRegen  0.11/turn              (no ring)

@: mighty
A: permanent stasis, dig shafts and tunnels, four strong arms, antennae 3
a: Dig, Shaft Self


You were on level 8 of the Dungeon.
You were not hungry.

You visited 1 branch of the dungeon, and saw 6 of its levels.

You collected 227 gold pieces.

Inventory:

Hand Weapons
 a - a +0 war axe (weapon)
 l - a +2 whip of venom
Armour
 b - a +0 scale mail (worn)
 c - a +0 shield (worn)
 A - a +0 pair of gloves (worn)
Jewellery
 i - an uncursed ring of ice
 w - an uncursed ring of see invisible {unknown}
Scrolls
 e - 2 scrolls of magic mapping {unknown}
 h - a scroll of noise {unknown}
 j - 2 scrolls of enchant armour {unknown}
 k - 3 scrolls of immolation {unknown}
 m - a scroll of enchant weapon {unknown}
 n - 3 scrolls of teleportation {unknown}
 o - 2 scrolls of remove curse {unknown}
 p - a scroll of random uselessness {unknown}
 q - a scroll of amnesia {unknown}
 s - 4 scrolls of identify {unknown}
 x - a scroll of fog {unknown}
 y - a scroll of fear {unknown}
Potions
 g - a potion of curing {unknown}
 r - a potion of mutation {unknown}
 t - a potion of heal wounds {unknown}
 u - a potion of magic {unknown}
 v - a potion of resistance
 z - a potion of flight {unknown}
 B - a potion of haste {unknown}
Comestibles
 f - 11 rations
 C - a chunk of flesh


   Skills:
 - Level 3.2 Fighting
 + Level 7.2 Axes
 - Level 3.2 Armour
 - Level 9.1 Shields


You had 7 spell levels left.
You didn't know any spells.
Your spell library contained the following spells:

 Spells                   Type           Power        Failure   Level  Hunger
 Confusing Touch          Hex            #.....       69%         1    ##.....
 Confuse                  Hex            #.......     96%         3    ####...
 Gell's Gravitas          Tloc           #.........   96%         3    ####...
 Petrify                  Tmut/Erth      #.......     100%        4    #####..
 Metabolic Englaciation   Hex/Ice        #.........   100%        5    ######.
 Yara's Violent Unravell  Hex/Tmut       #.........   100%        5    ######.


Dungeon Overview and Level Annotations

Branches:
Dungeon (5/15)
 Temple: D:4-7

Altars:
Gozag


Innate Abilities, Weirdness & Mutations

You cannot be hasted, slowed, berserked, paralysed or teleported.
You can dig through walls and to a lower floor.
Your four strong arms can wield two-handed weapons with a shield.
You have a pair of large antennae on your head. (SInv)


Message History

You slash the hog! You block the hog's attack. The yak gores you.
* * * LOW HITPOINT WARNING * * *
You slash the yak!
The yak is heavily wounded.
You closely miss the hog. The hog bites you.
* * * LOW HITPOINT WARNING * * *
The orc wizard mumbles some strange words.
The orc wizard seems to speed up.
You block the yak's attack. The hog bites you.
* * * LOW HITPOINT WARNING * * *
You hear a shout! x2
Okay, then.
Okay, then.
Are you sure you want to shaft yourself?
You feel somewhat more hungry.
The orc wizard mumbles some strange words.
The orc wizard blinks!
The orc priest looks braver for a moment.
The hog barely misses you. The yak gores you!
You die...

·· ▒▒· ···▒··▒▒▒
······▒▒▒ ▒ ·
▒······▒▒·▒▒▒§·
···▒·············
··········▒▒··o·
▒▒▒▒·····▒▒·g▒
▒·········▒
▒·····h@··▒
▒·····▒Y▒▒▒▒▒
·······▒··#··▒
········▒·(#··▒
▒▒·····▒▒··'··▒
······ ▒%·#··▒
···· ▒%%#··▒
▒▒▒▒▒▒▒


You could see a yak, a hog, an orc priest and a gnoll.

Vanquished Creatures
  A hog (D:8)
  A human (D:8)
  2 phantoms (D:4)
  A centaur (D:4)
  An ogre (D:5)
  A howler monkey (D:4)
  A centaur zombie (D:5)
  2 hounds (D:4)
  2 jellies
  An orc priest (D:4)
  3 orc wizards
  2 worker ants
  A hound skeleton (D:5)
  10 adders
  A shadow imp (D:5)
  An ooze (D:1)
  An adder zombie (D:5)
  5 worms
  4 dart slugs
  3 leopard geckos
  12 orcs
  4 giant cockroaches
  7 goblins
  11 hobgoblins
  10 jackals
  3 quokkas
  2 ball pythons
  9 bats
  A giant cockroach zombie (D:3)
  6 kobolds
  8 rats
117 creatures vanquished.

Notes
Turn   | Place    | Note
-------+----------+-------------------------------------------
     0 | D:1      | Azzok the Formicid Fighter began the quest for the Orb.
     0 | D:1      | Reached XP level 1. HP: 18/18 MP: 1/1
     6 | D:1      | Noticed a hog
     6 | D:1      | Noticed a komodo dragon
     6 | D:1      | Noticed a black bear
    49 | D:1      | Reached XP level 2. HP: 22/24 MP: 2/2
    89 | D:1      | Reached skill level 4 in Shields
   306 | D:1      | Reached XP level 3. HP: 23/29 MP: 3/3
  1206 | D:2      | Reached XP level 4. HP: 35/35 MP: 4/4
  1752 | D:2      | Reached skill level 5 in Shields
  2148 | D:3      | Reached XP level 5. HP: 39/41 MP: 5/5
  2351 | D:3      | Found an opulent altar of Gozag.
  3032 | D:3      | Reached XP level 6. HP: 47/47 MP: 6/6
  3208 | D:3      | Reached skill level 6 in Shields
  3460 | D:4      | Noticed a phantom
  3497 | D:4      | Killed a phantom
  4019 | D:4      | Reached skill level 5 in Axes
  4055 | D:4      | Noticed a phantom
  4062 | D:4      | Reached XP level 7. HP: 31/52 MP: 7/7
  4127 | D:4      | Reached skill level 7 in Shields
  5140 | D:5      | Entered Level 5 of the Dungeon
  5152 | D:5      | Reached XP level 8. HP: 57/58 MP: 8/8
  5170 | D:4      | Reached skill level 8 in Shields
  5697 | D:5      | You fall into a shaft and drop 3 floors!
  5701 | D:8      | Noticed a human
  5701 | D:8      | Noticed a hog
  5701 | D:8      | Noticed a hog
  5701 | D:8      | Noticed a hog
  5702 | D:8      | Noticed a yak
  5715 | D:8      | Killed a hog
  5717 | D:8      | Killed a human
  5717 | D:8      | Reached skill level 9 in Shields
  5719 | D:8      | HP: 2/58 [hog (1)]
  5720 | D:8      | Mangled by a yak

Levels and vault maps discovered:
D:1:      onia_arrival_zoo_common, layout_loops_cross
D:2:      layout_loops_cross
D:3:      layout_basic, chequers_serial_rivers_room_a,
          nicolae_gozag_seed_capital
D:4:      layout_loops_ring
D:5:      layout_loops_ring, chequers_temple_overflow_minitemple,
          minmay_temple_entry_crystal_x, first_ration, st_stairs_10, uniq_pikel
D:8:      cheibrodos_wizards_tower, layout_cave_pools, grunt_livestock,
          minmay_crystal_room, grunt_ministairs_1, minmay_misc_feat_hallway,
          uniq_joseph

Skill      XL: |  1  2  3  4  5  6  7  8 |
---------------+-------------------------+-----
Shields        | 4 5 6 7 9 |  9.1
Axes           | 3 4 5 6 7 |  7.2
Fighting       | |  3.2
Armour         | |  3.2

Action                   |  1- 3 |  4- 6 |  7- 9 || total
-------------------------+-------+-------+-------++-------
Melee: War axe           |    54 |     2 |    72 ||   128
       Whip              |    22 |   232 |    76 ||   330
 Abil: Shaft Self        |       |       |     1 ||     1
  Use: Potion            |       |       |     1 ||     1
  Eat: Chunk             |     1 |     9 |     6 ||    16
Armor: Scale mail        |    28 |    51 |    34 ||   113
Dodge: Dodged            |    27 |    51 |    50 ||   128
Block: Shield            |    37 |    83 |   100 ||   220

Table legend:
 A = Non-vault XP
 B = Vault XP
 C = Vault XP percentage of total XP
 D = Non-vault monster count
 E = Vault monster count
 F = Vault count percentage of total count
                 A         B        C        D         E       F
            +---------+---------+-------+---------+---------+-------
      Total |    1211 |     512 |  29.7 |     112 |       5 |   4.3
            +---------+---------+-------+---------+---------+-------
        D:1 |      45 |       0 |   0.0 |      22 |       0 |   0.0
        D:2 |      73 |       0 |   0.0 |      26 |       0 |   0.0
        D:3 |     189 |       0 |   0.0 |      35 |       0 |   0.0
        D:4 |     631 |     118 |  15.8 |      21 |       1 |   4.5
        D:5 |     273 |      16 |   5.5 |       8 |       2 |  20.0
        D:8 |       0 |     378 | 100.0 |       0 |       2 | 100.0
            +---------+---------+-------+---------+---------+-------
